AoeStats
← Schwachkopf

Arena

506442608Analyzed
4v4 RM · 19d ago on Sep 13, 2026· 45m 38s· 8 players
Game mode
Random Map
Map size
Large (8 player)
Population
200
Speed
Normal
Resources
Standard
Victory
Conquest
Starting age
Dark Age
Ending age
Imperial Age
RankedLock teamsTeams togetherTeam positionsShared explorationLock speedFull tech treeHidden civsTurbo modeCheats
Victory
Defeat
🇧🇷 Italians · Brazil
1363
+15
🇩🇪 Franks · Germany
1362
+15
🇻🇳 Japanese · Vietnam
1354
+15
🇨🇳 Cumans · China
1353
+15
🇨🇳 Mongols · China
1476
-20
🇨🇳 Persians · China
1460
-19
🇨🇳 Berbers · China
1372
-16
🇩🇪 Teutons · Germany
1042
-14
Les Choristes
9:07 Feudal Age
9:55 Double-Bit Axe
9:53 Horse Collar
16:33 Wheelbarrow
20:26 Castle Age
19:14 Scale Barding Armor
19:19 Forging
19:39 Bloodlines
19:51 Gold Mining
21:25 Bow Saw
21:18 Heavy Plow
21:39 Chain Barding Armor
21:54 Iron Casting
27:02 Stone Mining
30:08 Loom
30:39 Hand Cart
33:01 Imperial Age
31:10 Gold Shaft Mining
30:23 Town Watch
34:20 Plate Barding Armor
34:45 Blast Furnace
33:07 Cavalier
34:15 Conscription
34:21 Guilds
34:18 Scale Mail Armor
34:54 Paladin
37:13 Two-Man Saw
37:40 Chain Mail Armor
37:33 Squires
36:53 Pikeman
38:57 Plate Mail Armor
39:11 Halberdier
Karzul
10:40 Feudal Age
14:20 Castle Age
13:08 Double-Bit Axe
13:04 Horse Collar
16:18 Bow Saw
19:46 Heavy Plow
23:09 Wheelbarrow
27:16 Imperial Age
24:48 Fletching
26:14 Hand Cart
26:42 Loom
27:37 Padded Archer Armor
27:59 Bodkin Arrow
29:21 Chemistry
28:42 Leather Archer Armor
29:11 Conscription
28:58 Gold Mining
28:31 Crossbowman
29:13 Bracer
29:56 Ballistics
30:33 Arbalester
30:39 Elite Skirmisher
31:30 Thumb Ring
35:17 Ring Archer Armor
34:59 Masonry
35:36 Crop Rotation
38:57 Architecture
42:00 Two-Man Saw
43:22 Bombard Tower
43:45 Squires
43:45 Scale Mail Armor
43:56 Forging
46:02 Chain Mail Armor
46:23 Iron Casting
45:35 Arson
Pxlgun
6:23 Loom
10:38 Feudal Age
14:48 Castle Age
13:12 Double-Bit Axe
15:51 Bow Saw
17:34 Loom
22:12 Wheelbarrow
23:17 Town Watch
24:25 Hand Cart
29:23 Imperial Age
26:41 Town Watch
27:38 Scale Mail Armor
27:45 Scale Barding Armor
27:51 Forging
29:00 Chain Barding Armor
28:43 Husbandry
29:29 Cavalier
31:03 Plate Barding Armor
30:59 Chivalry
31:47 Paladin
33:39 Iron Casting
33:15 Gold Mining
33:15 Stone Mining
35:51 Blast Furnace
Melodies of Life
9:17 Feudal Age
11:48 Town Watch
14:28 Castle Age
12:25 Double-Bit Axe
13:53 Horse Collar
16:05 Wheelbarrow
20:51 Bow Saw
21:50 Heavy Plow
22:55 Gold Mining
24:10 Stone Mining
24:54 Hand Cart
28:54 Imperial Age
26:11 Loom
26:37 Fletching
27:46 Yasama
27:55 Bodkin Arrow
29:58 Conscription
29:43 Bracer
30:05 Ballistics
30:49 Guard Tower
32:04 Two-Man Saw
31:42 Gold Shaft Mining
31:59 Kataparuto
33:35 Scale Mail Armor
33:45 Forging
34:01 Pikeman
34:41 Squires
34:27 Arson
35:21 Chain Mail Armor
35:42 Iron Casting
34:54 Halberdier
38:11 Plate Mail Armor
37:51 Caravan
44:04 Padded Archer Armor
Schwachkopf
7:14 Loom
11:04 Feudal Age
15:24 Castle Age
13:58 Horse Collar
16:56 Double-Bit Axe
18:27 Heavy Plow
19:53 Wheelbarrow
23:17 Gold Mining
24:02 Stone Mining
27:26 Hand Cart
30:53 Imperial Age
28:36 Scale Mail Armor
32:16 Fletching
35:21 Chain Mail Armor
35:32 Gambesons
35:48 Squires
35:08 Pikeman
35:37 Arson
36:36 Plate Mail Armor
36:29 Forging
39:03 Halberdier
不会进攻
10:09 Feudal Age
12:45 Wheelbarrow
17:05 Castle Age
15:39 Double-Bit Axe
19:20 Loom
22:02 Hand Cart
28:14 Horse Collar
29:17 Bow Saw
33:23 Imperial Age
31:12 Bloodlines
31:02 Husbandry
31:15 Heavy Plow
31:11 Gold Mining
32:09 Kasbah
33:12 Masonry
33:24 Ballistics
33:04 Fletching
33:14 Padded Archer Armor
34:27 Conscription
35:10 Chemistry
34:10 Bodkin Arrow
35:13 Bracer
35:29 Leather Archer Armor
38:27 Ring Archer Armor
38:07 Forging
38:06 Thumb Ring
38:45 Crop Rotation
38:34 Maghrebi Camels
40:35 Light Cavalry
42:01 Gold Shaft Mining
41:53 Scale Barding Armor
42:23 Iron Casting
41:22 Heavy Camel Rider
42:55 Hoardings
42:16 Elite Camel Archer
43:20 Hussar
45:11 Chain Barding Armor
45:51 Blast Furnace
泼水爱好者
11:11 Feudal Age
11:45 Double-Bit Axe
11:52 Horse Collar
14:37 Castle Age
12:29 Horse Collar
15:38 Bow Saw
16:03 Heavy Plow
21:07 Stone Mining
22:10 Wheelbarrow
22:46 Wheelbarrow
25:17 Stone Shaft Mining
24:33 Gold Mining
26:02 Gold Shaft Mining
25:51 Loom
26:23 Hand Cart
25:54 Town Watch
29:14 Imperial Age
28:01 Stone Shaft Mining
27:44 Scale Barding Armor
28:27 Forging
28:57 Chain Barding Armor
29:36 Husbandry
29:47 Bloodlines
30:01 Conscription
31:24 Two-Man Saw
31:09 Elite War Elephant
34:16 Plate Barding Armor
35:11 Iron Casting
35:29 Crop Rotation
35:51 Devotion
38:02 Blast Furnace
39:17 Fletching
39:38 Citadels
40:34 Hoardings
41:29 Bodkin Arrow
king_of_tc_drop
9:58 Feudal Age
11:39 Double-Bit Axe
11:57 Horse Collar
14:33 Castle Age
15:29 Bow Saw
15:22 Heavy Plow
20:32 Wheelbarrow
21:55 Gold Mining
27:00 Imperial Age
25:14 Fletching
25:48 Ballistics
25:20 Town Watch
25:21 Loom
26:09 Bodkin Arrow
26:17 Padded Archer Armor
27:17 Fortified Wall
27:28 Husbandry
27:39 Bloodlines
27:06 Elite Mangudai
28:14 Leather Archer Armor
28:43 Bracer
29:49 Chemistry
28:53 Bracer
29:29 Parthian Tactics
29:44 Bloodlines
30:47 Hand Cart
30:32 Town Patrol
30:41 Thumb Ring
32:51 Conscription
33:47 Forging
33:43 Scale Barding Armor
35:28 Light Cavalry
36:00 Capped Ram
36:07 Hussar
36:50 Scale Mail Armor
37:10 Chain Barding Armor
37:27 Iron Casting
39:52 Siege Ram
41:18 Coinage
43:22 Blast Furnace
Connection lost

Rejoining the realm…

Still unreachable

The connection could not be restored.

Session expired

The server has moved on; the page needs a fresh start.